AoeStats
← aycaserenekizler

Arabia

510310362Analyzed
1v1 RM · 3d ago on Sep 30, 2026· 62m 1s· 2 players
Game mode
Random Map
Map size
Tiny (2 player)
Population
200
Speed
Normal
Resources
Standard
Victory
Conquest
Starting age
Dark Age
Ending age
Imperial Age
RankedLock teamsTeams togetherTeam positionsShared explorationLock speedFull tech treeHidden civsTurbo modeCheats
Victory
Defeat
🇺🇦 Goths · Ukraine
297
+6
🇹🇷 Persians · Türkiye
47
-6
aycaserenekizler
1:23 Loom
10:29 Feudal Age
16:42 Stone Mining
44:51 Castle Age
46:54 Double-Bit Axe
49:24 Kamandaran
nivalss
0:51 Loom
14:20 Feudal Age
16:39 Man-at-Arms
18:13 Town Watch
24:33 Forging
24:24 Scale Mail Armor
24:17 Fletching
24:28 Padded Archer Armor
28:04 Double-Bit Axe
28:02 Horse Collar
28:26 Gold Mining
28:26 Stone Mining
39:21 Castle Age
40:18 Squires
39:43 Long Swordsman
39:45 Crossbowman
40:24 Bodkin Arrow
41:05 Iron Casting
40:46 Leather Archer Armor
42:48 Ballistics
42:24 Murder Holes
43:09 Chain Mail Armor
43:31 Bow Saw
43:41 Heavy Plow
47:21 Bloodlines
47:12 Husbandry
47:28 Masonry
48:50 Stone Shaft Mining
49:50 Anarchy
51:20 Town Patrol
51:55 Wheelbarrow
59:57 Imperial Age
60:38 Hand Cart
61:51 Chemistry
61:22 Architecture
Connection lost

Rejoining the realm…

Still unreachable

The connection could not be restored.

Session expired

The server has moved on; the page needs a fresh start.